 Dungeon Crawl Stone Soup version 0.21.1-1-g345015fe64 (webtiles) character file.

394 KamiKatze the Shield-Bearer (level 7, -5/55 HPs)
             Began as a Formicid Fighter on Feb 27, 2018.
             Slain by Duvessa
             ... wielding a +2 short sword of venom
              (10 damage)
             ... on level 4 of the Dungeon.
             The game lasted 00:11:46 (2945 turns).

KamiKatze the Shield-Bearer (Formicid Fighter)      Turns: 2945, Time: 00:11:48

Health: -5/55      AC:  9    Str: 23    XL:     7   Next: 8%
Magic:  7/7        EV:  8    Int:  7    God:
Gold:   240        SH: 10    Dex: 10    Spells: 6/6 levels left

rFire    . . .     SeeInvis +   a - +1 war axe
rCold    . . .     Gourm    +   c - +0 shield
rNeg     . . .     Faith    .   b - +0 scale mail
rPois    .         Spirit   .   (helmet unavailable)
rElec    .         Reflect  .   (no cloak)
rCorr    .         Harm     .   w - +0 pair of gloves
MR       .....                  q - +0 pair of boots
Stlth    ..........             p - amulet of the gourmand
HPRegen  0.18/turn              (no ring)
MPRegen  0.10/turn              (no ring)

@: lethally poisoned (-5 -> -23)
A: permanent stasis, dig shafts and tunnels, four strong arms, antennae 3
a: Dig, Shaft Self


You were on level 4 of the Dungeon.
You were very full.

You visited 1 branch of the dungeon, and saw 4 of its levels.

You collected 240 gold pieces.

Inventory:

Hand Weapons
 a - a +1 war axe (weapon)
Missiles
 l - 127 stones (quivered)
 m - a throwing net
Armour
 b - a +0 scale mail (worn)
 c - a +0 shield (worn)
 q - a +0 pair of boots (worn)
 s - +0 fire dragon scales
 w - a +0 pair of gloves (worn)
Jewellery
 p - an amulet of the gourmand (around neck)
Wands
 C - a wand of polymorph (14)
Scrolls
 e - a scroll of random uselessness {unknown}
 g - a scroll of magic mapping {unknown}
 j - a scroll of enchant weapon
 k - 2 scrolls of fog {unknown}
 o - a scroll of remove curse
 r - 2 scrolls of enchant armour {unknown}
 t - a scroll of teleportation {unknown}
 y - a scroll of immolation {unknown}
 B - a scroll of identify
Potions
 d - a potion of might
 h - a potion of heal wounds
 i - 2 potions of cancellation
 n - 2 potions of lignification
 u - 2 potions of experience {unknown}
 v - a potion of mutation {unknown}
 x - a potion of brilliance {unknown}
 A - 2 potions of berserk rage {unknown}
Comestibles
 f - 6 rations


   Skills:
 + Level 4.3 Fighting
 * Level 4.1 Axes
 + Level 4.3 Armour
 - Level 2.2 Stealth
 * Level 5.8 Shields


You had 6 spell levels left.
You didn't know any spells.

Dungeon Overview and Level Annotations

Branches:
Dungeon (4/15)
 Temple: D:4-7

Altars:
Elyvilon
Ru
Trog
Wu Jian

Annotations:
D:4 Duvessa


Innate Abilities, Weirdness & Mutations

You cannot be hasted, slowed, berserked, paralysed or teleported.
You can dig through walls and to a lower floor.
Your four strong arms can wield two-handed weapons with a shield.
You have a pair of large antennae on your head. (SInv)


Message History

You feel very sick. You block Duvessa's attack. Duvessa barely misses you.
You hit Duvessa but do no damage.
Duvessa is lightly wounded.
* * * LOW HITPOINT WARNING * * *
You feel very sick.
Duvessa hits you with a short sword of venom!
* * * LOW HITPOINT WARNING * * *
You block Duvessa's attack.
You feel much better.
You feel sick. You block Duvessa's attack. Duvessa barely misses you.
Okay, then.
You slash Duvessa!
Duvessa is moderately wounded.
* * * LOW HITPOINT WARNING * * *
You feel very sick.
Duvessa hits you with a short sword of venom!
* * * LOW HITPOINT WARNING * * *
Duvessa hits you with a short sword of venom!
You die...

#.#.#..............#.#'#####
..............##.###'#......
#.#.#########.##.#..........
..#.....# #.##.#..........
#.##....# #.##.#..........
#.##....# #.##.#........%.
#.##)...# #.##.#..<.......
#.##....# #.##.#....######
#.##....#####.##@#.......#
#..'............e........#
####....#####.#.####.....# #
#....#.....#.# #.....# #
######.###.#.####.....# #
#.# #.#........### # #.#
#.#........# #
#.#####........# #
#..............##########


You could see Duvessa (berserk).

Vanquished Creatures
  Dowan (D:4)
  A crimson imp (D:3)
  A bullfrog skeleton (D:3)
  An orc wizard (D:3)
  Jessica (D:3)
  A worker ant (D:4)
  7 gnolls
  3 adders
  9 worms
  2 dart slugs
  4 leopard geckos
  4 orcs (D:3)
  9 bats
  A giant cockroach (D:3)
  10 goblins
  6 hobgoblins
  2 jackals (D:1)
  A ball python (D:2)
  5 frilled lizards
  10 kobolds
  A quokka skeleton (D:4)
  8 rats
88 creatures vanquished.

Notes
Turn   | Place    | Note
-------+----------+-------------------------------------------
     0 | D:1      | KamiKatze the Formicid Fighter began the quest for the Orb.
     0 | D:1      | Reached XP level 1. HP: 18/18 MP: 1/1
    72 | D:1      | Reached XP level 2. HP: 23/24 MP: 2/2
   162 | D:1      | Reached skill level 4 in Shields
   200 | D:1      | Reached XP level 3. HP: 29/29 MP: 3/3
   595 | D:2      | Reached XP level 4. HP: 36/36 MP: 4/4
   650 | D:2      | Found an ornate altar of the Wu Jian Council.
   723 | D:2      | Noticed a moth of wrath
   726 | D:2      | Found a bloodstained altar of Trog.
   959 | D:2      | Reached XP level 5. HP: 37/42 MP: 5/5
   964 | D:2      | Reached skill level 1 in Stealth
  1724 | D:3      | Found a sacrificial altar of Ru.
  1740 | D:3      | Reached skill level 5 in Shields
  1756 | D:3      | Noticed Jessica
  1760 | D:3      | Killed Jessica
  1760 | D:3      | Reached XP level 6. HP: 37/48 MP: 6/6
  2098 | D:3      | Found a white marble altar of Elyvilon.
  2147 | D:3      | Found a faded altar of an unknown god.
  2674 | D:4      | Noticed Dowan
  2902 | D:4      | Killed Dowan
  2902 | D:4      | Reached XP level 7. HP: 55/55 MP: 7/7
  2938 | D:4      | Noticed Duvessa
  2943 | D:4      | HP: 1/55 [Duvessa/short sword of venom (12)]
  2945 | D:4      | Slain by Duvessa

Skill      XL: |  1  2  3  4  5  6 |
---------------+-------------------+-----
Shields        | 4 5 |  5.8
Axes           | 3 4 |  4.1
Stealth        | 1 2 |  2.2
Fighting       | 4 |  4.3
Armour         | 4 |  4.3

Action                   |  1- 3 |  4- 6 |  7- 9 || total
-------------------------+-------+-------+-------++-------
Melee: War axe           |    78 |   244 |     6 ||   328
  Use: Scroll            |     2 |     3 |       ||     5
       Potion            |       |     1 |     1 ||     2
  Eat: Chunk             |       |    19 |       ||    19
Armor: Scale mail        |    34 |    68 |       ||   102
Dodge: Dodged            |    28 |    60 |     2 ||    90
Block: Shield            |    45 |   119 |     7 ||   171
